 Dungeon Crawl Stone Soup version 0.31-a0-632-g766dd24fdf (webtiles) character file.

Game seed: 4440014490021651446

469 Mickster the Chopper (level 7, -4/72 HPs)
             Began as an Ogre Berserker on Aug 26, 2023.
             Was a Believer of Trog.
             Succumbed to their own poison gas
             ... on level 3 of the Dungeon.
             The game lasted 00:20:12 (2937 turns).

Mickster the Chopper (Ogre Berserker)               Turns: 2937, Time: 00:20:12

Health: -4/72      AC:  4    Str: 24    XL:     7   Next: 9%
Magic:  7/7        EV: 30    Int: 14    God:    Trog [**....]
Gold:   82         SH:  0    Dex:  8    Spells: 6/6 levels left

rFire   . . .        p - +2 war axe (freeze)
rCold   . . .        (no shield)
rNeg    . . .        b - +0 animal skin
rPois   .            (helmet restricted)
rElec   .            s - +0 cloak
rCorr   .            (gloves unavailable)
SInv    .            (boots unavailable)
Will    .....        q - amulet of the acrobat
Stlth   +            k - +5 ring of evasion
HPRegen 0.32/turn    c - +6 ring of intelligence
MPRegen 0.10/turn

%: acrobat
@: lethally poisoned (-4 -> -41), acrobatic
A: large, unfitting armour, tough skin 1
a: Renounce Religion, Berserk, Trog's Hand


You were on level 3 of the Dungeon.
You worshipped Trog.
Trog was pleased with you.
You visited 1 branch of the dungeon, and saw 3 of its levels.

You collected 82 gold pieces.

Inventory:

Hand Weapons
 a - a +0 hand axe
 m - a +2 dagger of venom
 p - a +2 war axe of freezing (weapon)
 r - a +2 dagger of draining
Armour
 b - a +0 animal skin (worn)
 s - a +0 cloak (worn)
Jewellery
 c - a +6 ring of intelligence (right hand)
 k - a +5 ring of evasion (left hand)
 q - an amulet of the acrobat (around neck)
Scrolls
 h - a scroll of revelation
Potions
 d - a potion of degeneration {unknown}
 g - a potion of heal wounds


   Skills:
 + Level 5.5 Fighting
 * Level 6.2 Axes
 + Level 4.0 Dodging
 + Level 0.5 Stealth


You had 6 spell levels left.
You didn't know any spells.
Your spell library was empty.

Dungeon Overview and Level Annotations

Branches:
Dungeon (3/15)

Altars:
Okawaru
Qazlal
Uskayaw


Innate Abilities, Weirdness & Mutations

You are too large for most types of armour.
You have tough skin. (AC +1)


Message History

Your butterfly disappears in a burst of colours!
Your butterfly explodes!
The fiery explosion engulfs your butterfly!!
Your butterfly disappears in a burst of colours!
Your butterfly explodes!
The fiery explosion engulfs you!!
The fiery explosion engulfs your butterfly!!
Your butterfly disappears in a burst of colours!
Your butterfly explodes!
The fiery explosion engulfs you!!
Your butterfly explodes! x4
Your butterfly is engulfed in poison gas.
Your butterfly is poisoned.
You kill your butterfly!
Your butterfly disappears in a burst of colours!
Unknown command.
Unknown command.
You're standing in a cloud of flame!
Okay, then.
You're standing in a cloud of flame!
You're standing in a cloud of flame!
You are engulfed in poison gas.
You are poisoned.
* * * LOW HITPOINT WARNING * * *
x2 You feel very sick.
You hear an explosion!
Your butterfly is engulfed in blazing flames.
You kill your butterfly!
Your butterfly disappears in a burst of colours!
You hear an explosion! x2
It was a potion of heal wounds.
You feel much better.
You are engulfed in poison gas.
You are more poisoned.
You feel very sick.
You are engulfed in poison gas.
You are lethally poisoned!
You feel extremely sick.
You are engulfed in poison gas.
You are more poisoned.
* * * LOW HITPOINT WARNING * * *
x2 You feel extremely sick.
You die...

..###########....:....########..#
..#.........#.####§§..#### #..#
..#.........#.##..☼§#.########..#
..'........<#.##.#§§#b####...#..#
###.........#....#§§#........'..#
####............##§§######..)##.#
...#.########.#.##§§# #...##.#
##...### #..).#.##§§### #...##.#
###....###.####.@§☼☼§§# #...##.#
# ##.#....)#######§§§§####...##.#
# #.#>...........§§§§§§.....##.#
####'#############§§§§☼§§....##.#
......# #..'§§§#§§§....##..
......# #.##§§§###+##......
.....)# #.##.).# #.##......
......# #.##...###.##......
####..# #.#........##......


There were no monsters in sight!

Vanquished Creatures
  Grinder (D:3)
  An ogre (D:3)
  Jessica (D:2)
  Terence (D:3)
  An orc wizard (D:3)
  3 adders
  6 dart slugs (D:2)
  4 orcs (D:3)
  6 ball pythons
  5 endoplasms
  3 giant cockroaches (D:2)
  17 goblins
  5 hobgoblins
  3 jackals (D:2)
  2 quokkas (D:2)
  8 bats
  6 kobolds
  5 rats
78 creatures vanquished.

Notes
Turn   | Place    | Note
-------+----------+-------------------------------------------
     0 | D:1      | Mickster the Ogre Berserker began the quest for the Orb.
     0 | D:1      | Reached XP level 1. HP: 24/24 MP: 1/1
   272 | D:1      | Reached XP level 2. HP: 24/32 MP: 2/2
   341 | D:1      | Found a faded altar of an unknown god.
  1046 | D:2      | Reached XP level 3. HP: 40/40 MP: 3/3
  1193 | D:2      | Noticed Jessica
  1201 | D:2      | Killed Jessica
  1202 | D:2      | Reached XP level 4. HP: 49/49 MP: 4/4
  1289 | D:2      | Reached ** piety under Trog
  1290 | D:2      | Reached skill level 4 in Axes
  1450 | D:2      | Found an iron altar of Okawaru.
  2135 | D:3      | Reached skill level 5 in Fighting
  2135 | D:3      | Reached XP level 5. HP: 52/57 MP: 5/5
  2231 | D:3      | Noticed Terence
  2236 | D:3      | Killed Terence
  2573 | D:3      | Noticed an ogre
  2581 | D:3      | Killed an ogre
  2582 | D:3      | Reached skill level 5 in Axes
  2582 | D:3      | Reached XP level 6. HP: 66/66 MP: 6/6
  2615 | D:3      | Found a hide-covered altar of Uskayaw.
  2719 | D:3      | Noticed Grinder
  2727 | D:3      | Killed Grinder
  2728 | D:3      | Reached skill level 6 in Axes
  2728 | D:3      | Reached XP level 7. HP: 72/72 MP: 7/7
  2762 | D:3      | Found a stormy altar of Qazlal.
  2937 | D:3      | Succumbed to their own poison gas

Illustrated notes

Levels and vault maps discovered:
D:1:      dpeg_arrival_houses_and_road, layout_basic,
          ebering_ecumenical_altar_petrified, nrook_campfire
D:2:      minmay_skewed_foursquare, layout_basic, basic_altar, hex_large,
          uniq_jessica
D:3:      layout_basic, lemuel_doored_altar, marbit_many_paths,
          gammafunk_temple_overflow_wave, minmay_ogre_servants, uniq_terence,
          uniq_grinder

Skill      XL: |  1  2  3  4  5  6 |
---------------+-------------------+-----
Dodging        | 3 4 |  4.0
Axes           | 4 5 6 |  6.2
Fighting       | 5 |  5.5
Stealth        | |  0.5

Action                     |  1- 3 |  4- 6 |  7- 9 || total
---------------------------+-------+-------+-------++-------
  Melee: Hand axe          |    81 |    95 |       ||   176
         Punch             |     1 |     1 |       ||     2
         War axe           |       |    40 |     2 ||    42
 Invoke: Berserk           |     2 |     5 |       ||     7
         Trog's Hand       |       |     1 |       ||     1
    Use: Scroll            |     1 |       |     7 ||     8
         Potion            |       |       |     1 ||     1
 Armour: Animal skin       |    32 |    39 |       ||    71
  Dodge: Dodged            |    71 |   131 |     2 ||   204

Table legend: (Time is in decaauts)
 A = Elapsed time spent in this place.
 B = Non-inter-level travel time spent in this place.
 C = Inter-level travel time spent in this place.
 D = Time resting spent in this place.
 E = Time spent auto-exploring this place.
 F = Levels seen in this place.
 G = Mean time per level.
                   A        B        C        D        E       F      G
               +--------+--------+--------+--------+--------+-----+--------+
         Total |   3028 |   2984 |     44 |    225 |   1740 |   3 | 1009.3 |
       Dungeon |   3028 |   2984 |     44 |    225 |   1740 |   3 | 1009.3 |
               +--------+--------+--------+--------+--------+-----+--------+

Top non-repeatable levels by time:
     D:2: 1120 daAuts
     D:1: 1026 daAuts
     D:3: 880 daAuts
